 Dungeon Crawl Stone Soup version 0.21.0-24-g2553a33 (webtiles) character file.

5346 Mesmaeker13 the Conjurer (level 10, -6/69 HPs)
             Began as a White Draconian Wizard on Jan 21, 2018.
             Was an Elder of Sif Muna.
             Mangled by a cyclops (11 damage)
             ... on level 9 of the Dungeon.
             The game lasted 00:24:25 (10142 turns).

Mesmaeker13 the Conjurer (White Draconian Wizard)  Turns: 10142, Time: 00:24:26

Health: -6/69      AC: 10    Str: 10    XL:     10   Next: 38%
Magic:  13/20      EV: 15    Int: 21    God:    Sif Muna [****..]
Gold:   235        SH:  0    Dex: 10    Spells: 14/23 levels left

rFire    + . .     SeeInvis .   n - +2 dagger (drain)
rCold    . . .     Gourm    .   (no shield)
rNeg     . . .     Faith    .   (armour unavailable)
rPois    .         Spirit   .   a - +0 hat
rElec    .         Reflect  .   o - +1 cloak
rCorr    .         Harm     .   x - +0 pair of gloves
MR       .....                  (no boots)
Stlth    ++........             h - amulet of regeneration
HPRegen  0.61/turn              B - ring of fire
MPRegen  0.17/turn              (no ring)

@: short of breath, drained
A: breathe frost, unfitting armour, cold resistance 1, cold-blooded, AC +7
a: Breathe Frost, Divine Energy, Channel Magic, Forget Spell, Renounce Religion


You were on level 9 of the Dungeon.
You worshipped Sif Muna.
Sif Muna was greatly pleased with you.
You were not hungry.

You visited 2 branches of the dungeon, and saw 11 of its levels.

You collected 301 gold pieces.
You spent 66 gold pieces at shops.

Inventory:

Hand Weapons
 n - a +2 dagger of draining (weapon)
 u - a +0 lajatang
 E - a +0 blowgun
Missiles
 i - 7 needles of confusion
 y - 6 tomahawks (quivered)
 I - 10 poisoned needles
Armour
 a - a +0 hat (worn)
 o - a +1 cloak (worn)
 x - a +0 pair of gloves (worn)
 J - a +0 shield
Jewellery
 h - an amulet of regeneration (around neck)
 B - a ring of fire (left hand)
 F - a cursed amulet of inaccuracy {unknown}
Wands
 v - a wand of disintegration (10)
 H - a wand of iceblast (7)
Scrolls
 j - 2 scrolls of fear {unknown}
 m - 2 scrolls of teleportation
 p - 2 scrolls of amnesia
 t - 3 scrolls of remove curse
 C - a scroll of random uselessness {unknown}
 G - a scroll of noise {unknown}
 K - a scroll of enchant weapon {unknown}
Potions
 d - 2 potions of ambrosia
 e - 3 potions of haste
 f - a potion of lignification {unknown}
 g - a potion of might
 k - a potion of cancellation
 l - a potion of curing {unknown}
 q - a potion of brilliance
 r - a potion of resistance {unknown}
 w - 2 potions of mutation {unknown}
 z - 2 potions of degeneration {unknown}
 A - 2 potions of berserk rage {unknown}
 D - a potion of invisibility {unknown}
Books
 b - a book of Minor Magic

   Spells                             Type                      Level
   a - Magic Dart                     Conjuration                  1
   b - Blink                          Translocation                2
   c - Call Imp                       Summoning                    2
   d - Slow                           Hexes                        2
   e - Conjure Flame                  Conjuration/Fire             3
   f - Mephitic Cloud                 Conjuration/Poison/Air       3
Comestibles
 c - 2 rations


   Skills:
 + Level 6.8(6.7) Dodging
 - Level 1.7 Stealth
 + Level 7.1 Spellcasting
 + Level 7.2(7.1) Conjurations
 - Level 3.0(2.9) Summonings
   Level 1.0(0.9) Translocations
 + Level 2.0(1.9) Fire Magic
 - Level 6.0(5.9) Air Magic
 - Level 5.4 Poison Magic
 + Level 1.2(1.1) Invocations


You had 14 spell levels left.
You knew the following spells:

 Your Spells              Type           Power        Failure   Level  Hunger
a - Magic Dart            Conj           ####         1%          1    None
b - Call Imp              Summ           ###.....     4%          2    None
c - Mephitic Cloud        Conj/Pois/Air  ####....     1%          3    #......
d - Conjure Flame         Conj/Fire      #####...     4%          3    #......


Dungeon Overview and Level Annotations

Branches:
Dungeon (10/15)            Temple (1/1) D:4
   Lair: D:8-11         Orc: D:9-12

Altars:
Ashenzari
Cheibriados
Dithmenos
Elyvilon
Fedhas
Hepliaklqana
Kikubaaqudgha
Makhleb
Nemelex Xobeh
Okawaru
Qazlal
Ru
Sif Muna
Trog
Uskayaw
Vehumet
Wu Jian
Xom
Yredelemnul
Zin
The Shining One

Shops:
D:4 ?

Annotations:
D:3 Grinder


Innate Abilities, Weirdness & Mutations

You can breathe waves of freezing cold.
You can buffet flying creatures when you breathe cold.
Your icy white scales are hard. (AC +7)
You cannot fit into any form of body armour.
Your flesh is cold resistant. (rC+)
You are cold-blooded and may be slowed by cold attacks.


Message History

You are too injured to fight recklessly!
You are too injured to fight recklessly!
You hit the cyclops but do no damage.
The cyclops is lightly wounded.
The cyclops seems less confused.
The cyclops hits you!
* * * LOW HITPOINT WARNING * * *
You hit the cyclops but do no damage. You drain the cyclops!
The cyclops is lightly wounded.
Casting: Mephitic Cloud
Confirm with . or Enter, or press ? or * to list all spells.
Aiming: Mephitic Cloud
Press: ? - help, Shift-Dir - straight line, f/p - cyclops
Aim: a cyclops (lightly wounded, lightly drained) That beam is likely to hit you.
Continue anyway?
The ball explodes into a vile cloud!
The stinking cloud engulfs the cyclops.
The cyclops is lightly wounded.
The stinking cloud engulfs you!
The cyclops is engulfed in noxious fumes.
The cyclops appears confused.
The cyclops hits you!
You die...

###########
#####
#.......[.#
>...#
#....((...#
....#
+.....>...#
....#
#...).....#
....#
#.........#
....#
#..§@.....#
....+
###C#######
....# #§§#
##### #.##
.# ..
.#######
#+#
........
........
........


You could see a cyclops (confused).

Vanquished Creatures
  A two-headed ogre (D:8)
  Maurice (D:8)
  A hungry ghost (D:10)
  2 water moccasins
  6 sky beasts
  A hornet zombie (D:7)
  An ice beast (D:6)
  4 phantoms
  A black bear (D:6)
  4 ogres
  2 centaurs (D:6)
  2 big kobolds (D:8)
  A bullfrog (D:6)
  2 scorpions
  6 wights
  4 crimson imps
  2 centaur zombies
  A jelly (D:8)
  3 hounds
  2 centaur skeletons
  An orc priest (D:5)
  4 bullfrog skeletons
  Natasha (thrice) (D:4)
  3 orc wizards
  10 worker ants
  2 ogre zombies (D:10)
  2 hound zombies (D:9)
  2 hound skeletons
  A worker ant zombie (D:6)
  9 adders
  7 gnolls
  2 howler monkey skeletons
  2 river rats (D:5)
  A shadow imp (D:7)
  An ooze (D:3)
  3 adder zombies
  3 adder skeletons
  2 worms
  A dart slug (D:3)
  7 leopard geckos
  11 orcs
  A ball python (D:5)
  7 bats
  4 giant cockroaches
  16 hobgoblins
  9 quokkas
  2 frilled lizards (D:3)
  15 goblins
  A goblin skeleton (D:10)
  14 kobolds
  4 orc zombies (D:10)
  A quokka zombie (D:6)
  11 rats
209 creatures vanquished.

Notes
Turn   | Place    | Note
-------+----------+-------------------------------------------
     0 | D:1      | Mesmaeker13 the Draconian Wizard began the quest for the Orb.
     0 | D:1      | Reached XP level 1. HP: 14/14 MP: 4/4
   274 | D:1      | Reached XP level 2. HP: 20/20 MP: 0/6
  1094 | D:2      | Learned a level 2 spell: Call Imp
  1332 | D:2      | Reached XP level 3. HP: 26/26 MP: 0/7
  1796 | D:2      | Found a glowing silver altar of Zin.
  1881 | D:2      | Found a shadowy altar of Dithmenos.
  2106 | D:3      | Reached XP level 4. HP: 33/33 MP: 0/9
  2465 | D:3      | Found a sparkling altar of Nemelex Xobeh.
  2488 | D:3      | Found a faded altar of an unknown god.
  2977 | D:3      | Noticed Grinder
  3362 | D:4      | Reached XP level 5. HP: 38/38 MP: 5/10
  3766 | D:4      | Learned a level 3 spell: Mephitic Cloud
  3787 | D:4      | Reached XP level 6. HP: 45/45 MP: 6/12
  4013 | D:4      | Noticed Natasha
  4026 | D:4      | Killed Natasha
  4041 | D:4      | Noticed Natasha
  4049 | D:4      | Killed Natasha
  4064 | D:4      | Noticed Natasha
  4073 | D:4      | Killed Natasha
  4129 | D:4      | Found Anew's Magic Scroll Shoppe.
  4144 | D:4      | Bought a scroll of identify for 22 gold pieces
  4144 | D:4      | Bought a scroll of identify for 22 gold pieces
  4144 | D:4      | Bought a scroll of identify for 22 gold pieces
  4191 | D:4      | Found a blossoming altar of Fedhas.
  4350 | D:4      | Found a staircase to the Ecumenical Temple.
  4378 | Temple   | Entered the Ecumenical Temple
  4399 | Temple   | Became a worshipper of Sif Muna the Loreminder
  4480 | D:5      | Entered Level 5 of the Dungeon
  4527 | D:4      | Reached skill level 1 in Air Magic
  4527 | D:4      | Reached skill level 1 in Poison Magic
  4549 | D:5      | Your scales start taking on an icy white colour.
  4549 | D:5      | Reached XP level 7. HP: 36/50 MP: 1/13
  4549 | D:5      | Gained mutation: Your flesh is cold resistant. (rC+) [White Draconian growth]
  5169 | D:5      | Reached * piety under Sif Muna
  5310 | D:5      | Reached skill level 5 in Spellcasting
  5310 | D:5      | Reached XP level 8. HP: 53/57 MP: 11/15
  5432 | D:5      | Found a snail-covered altar of Cheibriados.
  5432 | D:5      | Found a sacrificial altar of Ru.
  5913 | D:6      | Reached skill level 5 in Conjurations
  5984 | D:6      | Reached ** piety under Sif Muna
  6060 | D:6      | Reached skill level 5 in Dodging
  6330 | D:6      | Found a white marble altar of Elyvilon.
  6608 | D:6      | Reached XP level 9. HP: 51/62 MP: 9/17
  6639 | D:6      | Found a hazy altar of Hepliaklqana.
  6856 | D:6      | Found a shimmering altar of Xom.
  7197 | D:7      | Reached *** piety under Sif Muna
  7271 | D:7      | Reached skill level 5 in Poison Magic
  7276 | D:7      | Reached skill level 5 in Air Magic
  7346 | D:7      | HP: 1/62 [hornet zombie (7)]
  7492 | D:7      | Noticed a hellwing
  7743 | D:8      | Noticed Maurice
  7895 | D:8      | Killed Maurice
  8024 | D:8      | Learned a level 3 spell: Conjure Flame
  8140 | D:8      | Reached **** piety under Sif Muna
  8184 | D:8      | Reached XP level 10. HP: 60/69 MP: 11/20
  8465 | D:8      | Noticed a two-headed ogre
  8602 | D:8      | Killed a two-headed ogre
  8602 | D:8      | Reached skill level 1 in Fire Magic
  9199 | D:9      | Noticed a cyclops
  9202 | D:10     | Entered Level 10 of the Dungeon
  9955 | D:10     | Reached skill level 1 in Invocations
 10142 | D:9      | Mangled by a cyclops

Skill      XL: |  1  2  3  4  5  6  7  8  9 10 |
---------------+-------------------------------+-----
Dodging        | 2 3 4 5 6 |  6.8
Conjurations   | 2 3 4 5 6 7 |  7.2
Summonings     | 2 3 |  3.0
Spellcasting   | 4 5 6 7 |  7.1
Air Magic      | 1 2 4 5 6 |  6.0
Poison Magic   | 1 2 4 5 |  5.4
Fire Magic     | 2 |  2.0
Invocations    | 1 |  1.2
Stealth        | |  1.7
Translocations | |  1.0

Action                   |  1- 3 |  4- 6 |  7- 9 | 10-12 || total
-------------------------+-------+-------+-------+-------++-------
Melee: Unarmed           |     7 |       |       |       ||     7
       Short sword       |    37 |       |       |       ||    37
       Tailslap          |     5 |     8 |    15 |     9 ||    37
       Dagger            |     4 |   119 |   266 |    61 ||   450
 Fire: Blowgun           |       |       |       |     6 ||     6
Throw: Tomahawk          |       |       |     2 |       ||     2
 Cast: Magic Dart        |   101 |   139 |   296 |   155 ||   691
       Mephitic Cloud    |       |     2 |    10 |     6 ||    18
 Abil: Breathe Frost     |       |       |    17 |     3 ||    20
  Use: Scroll            |     1 |     8 |     2 |     2 ||    13
       Potion            |       |       |     1 |       ||     1
 Stab: Sleeping          |     1 |     2 |     1 |       ||     4
  Eat: Chunk             |     4 |     7 |     5 |     4 ||    20
       Ration            |       |       |     3 |     2 ||     5
Armor: Skin              |    15 |    47 |   139 |    48 ||   249
Dodge: Dodged            |    47 |   100 |   261 |    61 ||   469
